cohdb
Replays
Latest Replays
All Replays
Popular Replays
Top Player Replays
Match Explorer
How It Works
Community
CoH3 Stats
Reddit
Sign in to upload your games and track your stats! →
Sign in with Steam
Match 45941811
Unlisted
Match 45941811
Overview
Messages
Build Orders
End
Construct Barracks
Selects Advanced Infantry Battlegroup
Riflemen Squad
Riflemen Squad
Riflemen Squad
Grenade Package
Selects Convert to Ranger Squad
Construct Medical Station
Mechanized Support Center
M1918 Browning Automatic Rifles
Selects Frontline Medical Station
Riflemen Squad
Construct Motor Pool
Gratia197
potatoo
< blank >
기가문수
Red Onion
QuickshotCoyote
cpu-easy
pbebe
0
0
Comments
sign in to comment!
No comments posted yet!